 Dungeon Crawl Stone Soup version 0.28.0-43-g3370ac3207 (webtiles) character file.

Game seed: 344472241490708504

7 Jerry the Chucker (level 1, 19/19 HPs)
             Began as a Troll Hunter on Mar 7, 2022.
             Was a Follower of Dithmenos.
             Quit the game on level 1 of the Dungeon.
             The game lasted 00:01:34 (170 turns).

Jerry the Chucker (Troll Hunter)                     Turns: 170, Time: 00:01:35

Health: 19/19      AC:  4    Str: 19    XL:     1   Next: 91%
Magic:  0/0        EV: 10    Int:  7    God:    Dithmenos [*.....]
Gold:   0          SH:  0    Dex: 10    Spells: 0/0 levels left

rFire   . . .      SeeInvis .   a - +0 short sword
rCold   . . .      Faith    .   (no shield)
rNeg    . . .      Spirit   .   b - +0 robe
rPois   .          Reflect  .   (helmet restricted)
rElec   .          Harm     .   (no cloak)
rCorr   .          Rampage  .   (gloves unavailable)
Will    .....                   (boots unavailable)
Stlth   +.........              (no amulet)
HPRegen 0.86/turn               (no ring)
MPRegen 0.07/turn               (no ring)

@: wreathed by umbra
A: large, unfitting armour, claws 3, regeneration 1, shaggy fur 1, tough skin 1
a: Renounce Religion


You were on level 1 of the Dungeon.
You worshipped Dithmenos.
Dithmenos was aware of your devotion.
You visited 1 branch of the dungeon, and saw 1 of its levels.

Inventory:

Hand Weapons
 a - a +0 short sword (weapon)
Missiles
 c - 5 large rocks (quivered)
 d - 2 throwing nets
Armour
 b - a +0 robe (worn)
Jewellery
 f - an amulet of reflection
Potions
 e - a potion of flight {unknown}


   Skills:
 - Level 1.5 Fighting
 + Level 3.7 Throwing
 + Level 1.8 Dodging
 - Level 0.3 Stealth
 + Level 0.7 Unarmed Combat


You couldn't memorise any spells.
You didn't know any spells.
Your spell library was empty.

Dungeon Overview and Level Annotations

Branches:
Dungeon (1/15)

Altars:
Dithmenos


Innate Abilities, Weirdness & Mutations

You are too large for most types of armour.
You have claws for hands.
Your natural rate of healing is unusually fast.
You are covered in fur. (AC +1)
You have tough skin. (AC +1)


Message History

You kill the ball python!
The hobgoblin barely misses you.
A hobgoblin is nearby!
You hit the hobgoblin.
The hobgoblin is severely wounded.
The hobgoblin barely misses you.
A hobgoblin is nearby!
You barely miss the hobgoblin.
The hobgoblin is severely wounded.
The hobgoblin completely misses you.
You closely miss the hobgoblin.
The hobgoblin is severely wounded.
The hobgoblin hits you.
You barely miss the hobgoblin.
The hobgoblin is severely wounded.
The hobgoblin hits you. x2
You closely miss the hobgoblin.
The hobgoblin is severely wounded.
A rat comes into view.
The hobgoblin hits you.
You hit the hobgoblin.
You kill the hobgoblin!
Things that are here:
9 gold pieces; a hobgoblin corpse You hit the rat.
The rat is heavily wounded.
The rat closely misses you.
You hit the rat.
You kill the rat!
No target in view!
No target in view!
Found a triangular steel amulet.
There is a faded altar of an unknown god here.
f - an amulet of reflection
There is a faded altar of an unknown god here.
You cannot tell which god this altar belongs to.
Convert to them anyway?
Dithmenos accepts your prayer! Dithmenos welcomes you!
You are shrouded in an aura of darkness!
Are you sure you want to abandon this character and quit the game? (Confirm with "yes".)

#.....############
#.###...)......... ##
#.#.............## ##
#.#########.########.##
#.###...P#....###.#
#.## #..P....#.......#
#.##
##......P#.P.P...###
#.##
P....P...#..P...P..#
#.##
...PP.P..@P..P.$P..#
#...
PP...P...#....P....##
####
#.......#.PP..PP##.#
#...P...#..PP...#..#
#.###....#...$###..##
#.#########.##..# ## ##
##..## .. ##.## #.##..#
######


There were no monsters in sight!

Vanquished Creatures
  A goblin (D:1)
  A hobgoblin (D:1)
  2 quokkas (D:1)
  A ball python (D:1)
  A frilled lizard (D:1)
  A rat (D:1)
7 creatures vanquished.

Vanquished Creatures (others)
  A demonic plant (D:1)
  7 fungi (D:1)
  4 plants (D:1)
  2 withered plants (D:1)
14 creatures vanquished.

Grand Total: 21 creatures vanquished

Notes
Turn   | Place    | Note
-------+----------+-------------------------------------------
     0 | D:1      | Jerry the Troll Hunter began the quest for the Orb.
     0 | D:1      | Reached XP level 1. HP: 19/19 MP: 0/0
    53 | D:1      | Found a faded altar of an unknown god.
   169 | D:1      | Prayed at the altar of an unknown god.
   169 | D:1      | Became a worshipper of Dithmenos the Shadowed
   169 | D:1      | Reached * piety under Dithmenos
   170 | D:1      | Quit the game

Illustrated notes

Levels and vault maps discovered:
D:1:      elethiomel_arrival_shortcut, layout_loops_ring,
          shapermc_ecumenical_altar_gd, minmay_misc_feat_rugged,
          minmay_stone_trees_large, amcnicky_mini_corridor_feature

Action                   || total
-------------------------++-------
Melee: Short sword       ||    20
Armor: Robe              ||     3
Dodge: Dodged            ||     8
